 Dungeon Crawl Stone Soup version 0.17-a0-1840-g87820a2 (webtiles) character file.

1214 luca467 the Basher (level 8, -1/58 HPs)
             Began as a Mummy Fighter on Sept 16, 2015.
             Slain by an orc (4 damage)
             ... on level 5 of the Dungeon.
             The game lasted 00:25:12 (8007 turns).

luca467 the Basher (Mummy Fighter)                  Turns: 8007, Time: 00:25:12

Health: -1/58      AC: 13    Str: 22    XL:     8   Next: 22%
Magic:  8/8        EV:  5    Int:  7    God:
Gold:   324        SH:  9    Dex: 11    Spells: 0 memorised, 7 levels left

rFire  x . .     SeeInvis .     a - +0 flail
rCold  + . .     Clarity  .     m - +0 chain mail (curse)
rNeg   + + +     SustAt   .     c - +0 shield
rPois  ∞         Gourm    .     (no helmet)
rElec  .         Spirit   .     q - +1 cloak of Ru's Envy {MR+}
rCorr  .         Warding  .     g - +0 pair of gloves
rMut   .         Stasis   .     p - +0 pair of boots (curse)
MR     ++...                    (no amulet)
Stlth  ..........               (no ring)
                                (no ring)

@: very resistant to hostile enchantments, extremely unstealthy
A: no food or potions, fire vulnerability, cold resistance 1, negative energy
resistance 3, torment resistance, unbreathing
a: no special abilities


You were on level 5 of the Dungeon.
You were not hungry.

You visited 2 branches of the dungeon, and saw 7 of its levels.

You collected 324 gold pieces.

Inventory:

Hand weapons
 a - a +0 flail (weapon)
Missiles
 f - 22 tomahawks (quivered)
Armour
 b - a +0 scale mail
 c - a +0 shield (worn)
 g - a +0 pair of gloves (worn)
 m - a cursed +0 chain mail (worn)
 p - a cursed +0 pair of boots (worn)
 q - the +1 cloak of Ru's Envy (worn) {MR+}
   (You found it on level 6 of the Dungeon)

   It affects your resistance to hostile enchantments.
Magical staves
 d - an uncursed staff of summoning
Magical devices
 h - a wand of polymorph (9)
Scrolls
 e - 2 scrolls of random uselessness
 i - 3 scrolls of blinking
 j - a scroll of fear
 k - 3 scrolls of immolation
 l - 3 scrolls of identify
 n - 2 scrolls of teleportation
 r - a scroll of magic mapping
Books
 o - a book of Envenomations

   Spells                             Type                      Level
   a - Spider Form                    Transmutation/Poison         3
   b - Alistair's Intoxication        Transmutation/Poison         4
   c - Olgreb's Toxic Radiance        Poison                       4
   d - Poisonous Cloud                Conjuration/Poison/Air       6


   Skills:
 + Level 3.3 Fighting
 * Level 8.2 Maces & Flails
 + Level 2.5 Armour
 - Level 0.5 Dodging
 + Level 2.6 Shields


You had 7 spell levels left.
You didn't know any spells.

Dungeon Overview and Level Annotations

Branches:
Dungeon (6/15)             Temple (1/1) D:6

Altars:
Cheibriados
Dithmenos
Elyvilon
Fedhas
Kikubaaqudgha
Makhleb
Nemelex Xobeh
Okawaru
Ru
Sif Muna
Trog
Vehumet
Xom
Yredelemnul
The Shining One

Annotations:
D:6 Rayvis's ghost, experienced MiFi


Innate Abilities, Weirdness & Mutations

You do not eat or drink.
Your flesh is vulnerable to fire.
You are immune to poison.
Your flesh is cold resistant.
You are immune to negative energy.
You are immune to unholy pain and torment.
You can survive without breathing.


Message History

You block the orc wizard's attack.
You thump the orc wizard!
You kill the orc wizard!
Rayvis's ghost barely misses you. The orc hits you but does no damage.
The orc hits you with a dagger.
* * * LOW HITPOINT WARNING * * *
The orc hits you but does no damage. You block the orc's attack.
The orc hits you but does no damage. x2
You block Rayvis's ghost's attack. The orc hits you with a dagger.
* * * LOW HITPOINT WARNING * * *
Rayvis's ghost whispers, "Everlasting silence awaits you..."
There is a stone staircase leading up here.
You block the orc's attack. x2
The orc hits you.
* * * LOW HITPOINT WARNING * * *
You climb upwards.
There is a stone staircase leading down here.
You closely miss the orc. You block the orc's attack. The orc hits you.
You die...

#.....+..)+............##..
#.....#...#.............#..
#.....#...#.............'..
#.....#...#.............#..
####'#####'#####+####+####'#
#.......................##..
#.......................+...
#..........oo...........#...
#..........@o...........#...
#.............[.........#...
#.......................#'##
########.....###+##.........
#.....+....#.........
#.....#....+.........
#.....#....#.........
#.....#....#.........
#.....#....#.........


You could see 3 orcs.

Vanquished Creatures
  Grinder (D:3)
  2 necrophages (D:6)
  2 ogres
  2 giant frogs
  A crimson imp (D:5)
  4 hounds
  2 orc wizards
  3 worker ants
  A worker ant zombie (D:5)
  8 gnolls
  6 adders
  4 worms
  7 giant geckos
  14 orcs
  10 hobgoblins
  9 jackals
  2 quokkas
  6 bats
  8 giant cockroaches
  A giant gecko skeleton (D:6)
  4 giant newts
  6 goblins
  8 kobolds
  8 rats
119 creatures vanquished.

Notes
Turn   | Place    | Note
--------------------------------------------------------------
     0 | D:1      | luca467 the Mummy Fighter began the quest for the Orb.
     0 | D:1      | Reached XP level 1. HP: 18/18 MP: 1/1
   242 | D:1      | Reached XP level 2. HP: 22/24 MP: 2/2
  1095 | D:2      | Reached XP level 3. HP: 22/29 MP: 3/3
  1624 | D:2      | Found a sparkling altar of Nemelex Xobeh.
  1875 | D:2      | Reached XP level 4. HP: 35/35 MP: 4/4
  2471 | D:3      | Noticed Grinder
  2550 | D:3      | Paralysed by Grinder for 7 turns
  2577 | D:3      | Found a blossoming altar of Fedhas.
  2587 | D:3      | HP: 1/35 [Grinder (6)]
  2588 | D:3      | Paralysed by Grinder for 4 turns
  2595 | D:3      | HP: 1/35 [Grinder (1)]
  2597 | D:3      | Killed Grinder
  2597 | D:3      | Reached skill level 5 in Maces & Flails
  2597 | D:3      | Reached XP level 5. HP: 2/41 MP: 5/5
  2597 | D:3      | Reached XP level 6. HP: 2/47 MP: 6/6
  3116 | D:4      | Noticed an ogre
  4358 | D:3      | Reached skill level 6 in Maces & Flails
  4830 | D:5      | Entered Level 5 of the Dungeon
  5269 | D:4      | Reached XP level 7. HP: 21/52 MP: 7/7
  5535 | D:6      | Noticed Rayvis's ghost (experienced MiFi)
  5577 | D:5      | Reached skill level 7 in Maces & Flails
  6016 | D:5      | Found a glowing golden altar of the Shining One.
  6827 | D:6      | Found a staircase to the Ecumenical Temple.
  6836 | D:6      | Got an ancient cloak
  6850 | D:6      | Identified the +1 cloak of Ru's Envy {MR+} (You found it on level 6 of the Dungeon)
  6857 | Temple   | Entered the Ecumenical Temple
  7178 | D:6      | Reached XP level 8. HP: 52/58 MP: 8/8
  7285 | D:6      | Found an iron altar of Okawaru.
  7288 | D:6      | Found a basalt altar of Yredelemnul.
  7471 | D:6      | Reached skill level 8 in Maces & Flails
  8007 | D:5      | Slain by an orc

Vault maps used:
D:1:      dpeg_arrival_pond, serial_glass, glass_columns_b, glass_columns_b,
          minmay_strange_pillars
D:2:      nemelex_diamond_rough_becter
D:3:      lemuel_round_altar, bh_walls_and_bars, uniq_grinder
D:4:      first_bread, portal_sewer_entry_d, serial_park_tiny_1
D:5:      nicolae_tso_carved_into_rock
D:6:      nicolae_overflow_hidden_temple, minmay_temple_entry_statues_fountains
Temple:   oiseaux_autumnal_temple_12

Action                   |  1- 3 |  4- 6 |  7- 9 || total
-------------------------+-------+-------+-------++-------
Melee: Flail             |   134 |   215 |   169 ||   518
  Use: Scroll            |       |     8 |     2 ||    10
